 Dungeon Crawl Stone Soup version 0.32-a0-131-g9dbbe29261 (webtiles) character file.

Game seed: 15091810448722203482

2261 zeratav the Mimic (level 9, -4/61 HPs)
             Began as an Octopode Shapeshifter on Feb 8, 2024.
             Was an Initiate of Gozag.
             Slain by an orc warrior
             ... wielding a +0 flail
              (17 damage)
             ... on level 8 of the Dungeon.
             The game lasted 00:19:07 (9270 turns).

zeratav the Mimic (Octopode Shapeshifter)           Turns: 9270, Time: 00:19:08

Health: -4/61      AC:  1    Str: 18    XL:     9   Next: 38%
Magic:  9/9        EV: 13    Int: 12    God:    Gozag
Gold:   263        SH:  5    Dex: 11    Spells: 8/8 levels left

rFire   . .          .
                       - Unarmed
rCold   . . .        (no shield)
rNeg    . . .        (helmet currently unavailable)
rPois   .            C - amulet of reflection
rElec   .            (no ring)
rCorr   .            (no ring)
SInv    .            (no ring)
Will    .....        (no ring)
Stlth   ++++         (no ring)
HPRegen 0.30/turn    (no ring)
MPRegen 0.11/turn    (no ring)
                     (no ring)

%: reflection
@: beast-form, gold aura
A: beast (slay +4), almost no armour, amphibious, 8 rings, camouflage 1,
gelatinous body 1, (nimble swimmer 1), tentacles
a: Begin Untransformation, Renounce Religion, Potion Petition, Call Merchant,
Bribe Branch


You were on level 8 of the Dungeon.
You worshipped Gozag.
Gozag was aware of your devotion.
You were a hulking beast.
You visited 2 branches of the dungeon, and saw 9 of its levels.
You also visited: Sewer.

You collected 479 gold pieces.
You spent 84 gold pieces at shops.
You paid 132 gold pieces to Gozag.


Innate Abilities, Weirdness & Mutations

You are a hulking beast.
Your limbs bulge with bestial killing power. (Slay +4)
You cannot wear most types of armour.
You are amphibious.
You can wear up to eight rings at the same time.
Your skin changes colour to match your surroundings (Stealth+).
Your rubbery body absorbs attacks. (AC +1, EV +1)
((You are camouflaged when in or above water. (Stealth+)))
You have tentacles for arms and can constrict up to eight enemies at once.


   Skills:
 - Level 5.0 Fighting
 + Level 1.1 Throwing
 - Level 2.0 Dodging
 - Level 5.0 Stealth
 + Level 3.3 Unarmed Combat
 - Level 10.0 Shapeshifting


You had 8 spell levels left.
You didn't know any spells.
Your spell library contained the following spells:

 Spells                   Type           Power      Damage    Failure   Level
 Shock                    Conj/Air       0%         1d3       32%         1
 Blink                    Tloc           0%         N/A       45%         2
 Lesser Beckoning         Tloc           0%         N/A       45%         2
 Momentum Strike          Conj/Tloc      0%         3d8       45%         2
 Swiftness                Air            0%         N/A       69%         3
 Airstrike                Air            0%         2d(0-16)  97%         4

Inventory:

Hand Weapons
 r - a +4 short sword of speed {short}
   (You took it off an orc on level 3 of the Dungeon)
Missiles
 p - 2 atropa-tipped darts {throwing}
 A - 8 poisoned darts {throwing}
 B - a curare-tipped dart (quivered) {=fthrowing}
Jewellery
 y - a ring of wizardry
   (You found it on level 7 of the Dungeon)
 C - an amulet of reflection (around mantle)
   (You found it on level 7 of the Dungeon)
Talismans
 b - a beast talisman
 c - a flux talisman
Wands
 d - a wand of paralysis (13)
   (You found it on level 6 of the Dungeon)
 q - a wand of quicksilver (10)
   (You found it on level 3 of the Dungeon)
 w - a wand of flame (8)
   (You found it on level 3 of the Dungeon)
Scrolls
 e - 4 scrolls of revelation
 g - a scroll of teleportation {@r4}
 j - a scroll of blinking {!r}
 l - 4 scrolls of enchant armour
 n - a scroll of identify {@r1}
 o - 2 scrolls of enchant weapon
 s - a scroll of fear
 t - 2 scrolls of butterflies
Potions
 a - 3 potions of lignification {!q}
 f - 2 potions of haste {@q3}
 h - a potion of attraction {unknown}
 i - a potion of invisibility {unknown}
 k - a potion of curing {@q1}
 m - 3 potions of brilliance
 u - a potion of magic {unknown}
 v - a potion of might
 x - a potion of enlightenment {unknown}
 z - a potion of cancellation {unknown}

Dungeon Overview and Level Annotations

Branches:
Dungeon (8/15) Zot: 26605  Temple (1/1) D:4 Zot: 5998   Sewer (visited)
   Lair: D:8-11

Altars:
Ashenzari
Cheibriados
Dithmenos
Elyvilon
Fedhas
Gozag
Hepliaklqana
Kikubaaqudgha
Makhleb
Nemelex Xobeh
Okawaru
Qazlal
Ru
Sif Muna
Trog
Uskayaw
Vehumet
Wu Jian
Xom
Yredelemnul
Zin
The Shining One

Shops:
D:1 =((   D:2 !=(

Annotations:
D:2 exclusion: downstairs
D:5 exclusion: 2 downstairs

#. #. #.# ##. #.
#.# .o..##.####.#
#...o.....#.####
#.o...........# #
#.###....# #.
#..##<#..# ##..
##...$##...?..#
#<.# #..h##
###.#......##
#.o$#
###..#....##
#...# .........Y.
#...#...).)......
#........o..oY..<
####.....oo....o.
.....o.......
....... .......


You could see an orc warrior and an orc wizard.


Message History

You see here a +0 mace {mace}.
HP[+1]
You start resting.
HP[+6]
Your hp is fully restored (61).
There is a stone staircase leading down here.
You climb downwards.
The orc warrior shoots an arrow.
The arrow misses you.
The orc warrior shoots an arrow.
The arrow barely misses you.
There is a stone staircase leading up here.
You tentacle-slap the orc. You grab the orc. You squeeze the orc.
You kill the orc!
The orc warrior shoots an arrow.
The arrow hits you.
You hear a shout!
HP[-2]
You take 2 damage, and now have 59/61 hp.
The orc warrior shoots an arrow.
The arrow barely misses you.
The orc warrior shoots an arrow.
The arrow hits you!
HP[-6]
You take 6 damage, and now have 53/61 hp.
The orc warrior shoots an arrow.
The arrow hits you!
HP[-6]
You take 6 damage, and now have 47/61 hp.
An orc comes into view. It is wielding a +1 dagger of venom.
The orc warrior shoots an arrow.
The arrow barely misses you.
There is a stone staircase leading up here.
The orc is distracted by your dazzling golden aura.
The orc warrior shoots an arrow.
The arrow barely misses you.
The orc warrior shoots an arrow.
The arrow hits you.
HP[-3]
You take 3 damage, and now have 44/61 hp.
You block the orc's attack.
The orc warrior shoots an arrow.
The arrow misses you.
You climb upwards.
There is a stone staircase leading down here.
You bludgeon the orc!
You kill the orc!
HP[+1]
You now have 263 gold pieces (gained 5).
Things that are here:
a +0 hand axe {axe}; a +0 ring mail You start resting.
HP[+16]
Your hp is fully restored (61).
There is a stone staircase leading down here.
You climb downwards.
The orc warrior shoots an arrow.
You block the arrow with an invisible shield... and reflect it back!
The arrow barely misses the orc warrior.
There is a stone staircase leading up here.
The orc warrior shoots an arrow.
You block the arrow with an invisible shield... and reflect it back!
The arrow hits the orc warrior but does no damage.
The orc hits you with a +1 dagger of venom.
You are poisoned.
The orc warrior unwields a +0 orcbow.
The orc warrior wields a +0 flail.
The orc warrior hits you with a +0 flail!!
HP[-24]
You take 24 damage, and now have 37/61 hp.
MASSIVE DAMAGE!! (PAUSE)
You tentacle-slap the orc.
You kill the orc!
You feel very sick.
The orc warrior hits you with a +0 flail!
* * * LOW HITPOINT WARNING * * *
HP[-14]
You take 14 damage, and now have 23/61 hp.
MASSIVE DAMAGE!! (PAUSE)
You barely miss the orc warrior. You grab the orc warrior.
You tentacle-slap the orc warrior, but do no damage.
You constrict the orc warrior, but do no damage.
You feel sick. The orc warrior closely misses you.
HP[-2]
You take 2 damage, and now have 21/61 hp.
You tentacle-slap the orc warrior but do no damage.
You constrict the orc warrior, but do no damage.
You feel sick.
The orc warrior hits you with a +0 flail!
* * * LOW HITPOINT WARNING * * *
HP[-15]
You take 15 damage, and now have 6/61 hp.
MASSIVE DAMAGE!! (PAUSE)
You feel better.
You constrict the orc warrior. The orc warrior closely misses you.
HP[+7]
You regained 7 hp, and now have 13/61 hp.
You tentacle-slap the orc warrior. x2; You squeeze the orc warrior.
You constrict the orc warrior.
The orc warrior is distracted by your dazzling golden aura.
The orc warrior shouts!
You tentacle-slap the orc warrior but do no damage.
The orc warrior is no longer distracted by gold.
You constrict the orc warrior, but do no damage.
You hear a shout!
The orc warrior hits you but does no damage.
You hear a shout!
You tentacle-slap the orc warrior. You squeeze the orc warrior.
You constrict the orc warrior.
You hear a shout!
The orc warrior hits you with a +0 flail!
You die...
Your body crumbles into a pile of gold.

Skill      XL: |  1  2  3  4  5  6  7  8  9 |
---------------+----------------------------+-----
Stealth        | 2 3 5 |  5.0
Fighting       | 2 4 5 |  5.0
Shapeshifting  | 4 6 9 10 | 10.0
Throwing       | 1 |  1.1
Dodging        | |  2.0
Unarmed Combat | |  3.3

Action                     |  1- 3 |  4- 6 |  7- 9 || total
---------------------------+-------+-------+-------++-------
  Melee: Unarmed           |    80 |    68 |   181 ||   329
         Constrict         |    20 |    19 |    46 ||    85
         Tentacles         |    18 |    12 |    57 ||    87
         Punch             |     2 |     1 |    14 ||    17
         Short sword       |       |       |    25 ||    25
  Throw: Dart              |       |       |     1 ||     1
  Evoke: Wand              |       |    15 |       ||    15
    Use: Potion            |     1 |     3 |     6 ||    10
         Scroll            |       |     7 |     4 ||    11
   Stab: Sleeping          |    11 |    12 |     9 ||    32
         Distracted        |     1 |       |       ||     1
 Armour: Skin              |    29 |    35 |   102 ||   166
  Dodge: Dodged            |    36 |    39 |    95 ||   170
  Block: Other             |       |       |     4 ||     4
         Reflection        |       |       |     2 ||     2

Levels and vault maps discovered:
D:1:      minmay_arrival_four_loops, layout_loops_ring, serial_shops,
          nicolae_shop_back_alley_shop, nicolae_shop_behind_doors,
          nicolae_shop_statue_plus
D:2:      minmay_chambers_of_twos, layout_basic, serial_undead, serial_undead_b,
          serial_undead_c, serial_undead_b, serial_undead_d, serial_shops, shop,
          nicolae_shop_drivethru, shop, uniq_terence
D:3:      gammafunk_steamed_eel, layout_basic,
          mainiacjoe_sewer_entry_somewhere_in_here_1, uniq_ijyb
D:4:      layout_loops_corners, nemelex_diamond_rough_becter,
          mainiacjoe_overflow_catwalk, temple_pool_b, uniq_blork_the_orc
D:5:      layout_cave_pods, bloody_makhleb, kennysheep_cross_room
D:6:      layout_basic, mainiacjoe_overflow_surrounded_room
D:7:      layout_basic, mainiacjoe_overflow_catwalk_spiral
D:8:      layout_rooms, corexii_leaking_fountain
Temple:   kb_temple_of_zot

Notes
Turn   | Place    | Note
-------+----------+-------------------------------------------
     0 | D:1      | zeratav the Octopode Shapeshifter began the quest for the
                  | Orb.
     0 | D:1      | Reached XP level 1. HP: 13/13 MP: 1/1
     0 | D:1      | magus.rc [v1.9.6]
   105 | D:1      | Found Hiprom's Jewellery Emporium.
   118 | D:1      | You pick up a book of Spatial Translocations and begin
                  | reading...
   118 | D:1      | You add the spells Blink, Momentum Strike and Lesser
                  | Beckoning to your library.
   125 | D:1      | Reached skill level 1 in Stealth
   185 | D:1      | Reached skill level 2 in Stealth
   233 | D:1      | Reached XP level 2. HP: 15/18 MP: 2/2
   384 | D:1      | Reached skill level 3 in Stealth
   570 | D:1      | Found Liraisuu's Antique Weapon Emporium.
   613 | D:1      | Found Fuhanam's Weapon Boutique.
   921 | D:2      | Reached XP level 3. HP: 6/23 MP: 3/3
  1253 | D:2      | Reached skill level 4 in Stealth
  1405 | D:2      | Found Yplu's Distillery.
  1413 | D:2      | Bought a potion of degeneration for 14 gold pieces
  1705 | D:2      | Reached skill level 5 in Stealth
  1723 | D:2      | Found Laoz Xacex's Jewellery Shoppe.
  1837 | D:2      | Found a transporter.
  1837 | D:2      | Found Ishrycut's Weapon Emporium.
  1945 | D:2      | Found a transporter.
  1945 | D:2      | Noticed Terence
  2244 | D:2      | Bought a potion of heal wounds for 70 gold pieces
  2358 | D:2      | HP: 4/23 [Terence/+0 mace (8)]
  2361 | D:2      | Killed Terence
  2362 | D:2      | Reached XP level 4. HP: 22/29 MP: 4/4
  2437 | D:3      | Reached skill level 2 in Fighting
  2469 | D:3      | Noticed Ijyb
  2650 | D:3      | Found a glowing drain.
  2653 | D:3      | Reached XP level 5. HP: 33/36 MP: 5/5
  2655 | D:3      | Reached skill level 3 in Fighting
  2661 | Sewer    | Entered a sewer
  2732 | Sewer    | Reached skill level 4 in Fighting
  2979 | Sewer    | Reached XP level 6. HP: 40/44 MP: 6/6
  3029 | Sewer    | Reached skill level 5 in Fighting
  3100 | D:3      | Killed Ijyb
  3413 | D:3      | Found a transporter.
  3431 | D:3      | Found a transporter.
  3671 | D:3      | Reached skill level 4 in Shapeshifting
  3886 | D:4      | You pick up a book of Air and begin reading...
  3886 | D:4      | You add the spells Shock, Swiftness and Airstrike to your
                  | library.
  3927 | D:4      | Found a sparkling altar of Nemelex Xobeh.
  4000 | D:4      | Found a staircase to the Ecumenical Temple.
  4009 | Temple   | Entered the Ecumenical Temple
  4133 | D:4      | HP: 14/67 [poisoned by an orc]
  4489 | D:4      | Reached XP level 7. HP: 50/50 MP: 7/7
  4560 | D:4      | Noticed Blork the orc
  4569 | D:4      | Killed Blork the orc
  4570 | D:4      | Reached skill level 5 in Shapeshifting
  4731 | D:4      | Identified the +3 leather armour "Bubraura" {Rampage Will++
                  | Dex+4}
  4737 | D:4      | Found an ornate altar of the Wu Jian Council.
  4944 | D:5      | Entered Level 5 of the Dungeon
  4955 | D:5      | Found a burning altar of Makhleb.
  4959 | D:5      | HP: 10/50 [poisoned by an orc]
  5673 | D:5      | Reached skill level 6 in Shapeshifting
  6012 | D:5      | HP: 12/50 [something (4)]
  6014 | D:5      | HP: 4/50 [something/magic dart (8)]
  6015 | D:5      | Reached XP level 8. HP: 5/55 MP: 8/8
  6230 | D:6      | Found a radiant altar of Vehumet.
  6344 | D:6      | Reached skill level 7 in Shapeshifting
  6643 | D:6      | You fall into a shaft and drop 1 floor!
  7030 | D:6      | Reached skill level 8 in Shapeshifting
  7613 | D:7      | Reached skill level 9 in Shapeshifting
  7613 | D:7      | Reached XP level 9. HP: 61/61 MP: 9/9
  8011 | D:7      | Found a broken altar of Ashenzari.
  8025 | D:7      | Found an opulent altar of Gozag.
  8309 | D:7      | Became a worshipper of Gozag Ym Sagoz the Greedy
  8449 | D:7      | Reached skill level 10 in Shapeshifting
  8972 | D:7      | Reached skill level 1 in Throwing
  9266 | D:8      | HP: 6/61 [orc warrior/+0 flail (13)]
  9270 | D:8      | Slain by an orc warrior

Vanquished Creatures
  A steam dragon (D:6)
  2 ice beasts
  3 ogres
  A centaur (D:5)
  A kobold brigand (D:7)
  Blork the orc (D:4)
  2 brain worms (Sewer)
  3 bullfrogs
  10 wights
  2 electric eels (D:3)
  A bombardier beetle (D:6)
  A gnoll bouda (D:6)
  An orc priest (D:7)
  Ijyb (D:3)
  3 iguanas
  5 orc wizards
  Terence (D:2)
  3 gnolls
  6 adders
  A shadow imp (D:7)
  2 white imps
  A dart slug (D:1)
  2 ribbon worms
  23 orcs
  13 ball pythons
  6 endoplasms
  2 giant cockroaches
  5 goblins
  6 hobgoblins
  10 jackals
  9 kobolds
  7 quokkas
  A bat (D:3)
  6 frilled lizards
  11 rats
153 creatures vanquished.

Table legend:
 A = Non-vault XP
 B = Vault XP
 C = Vault XP percentage of total XP
 D = Non-vault monster count
 E = Vault monster count
 F = Vault count percentage of total count
                 A         B        C        D         E       F
            +---------+---------+-------+---------+---------+-------
      Total |    2659 |     571 |  17.7 |     118 |      35 |  22.9
            +---------+---------+-------+---------+---------+-------
        D:1 |      27 |       0 |   0.0 |      16 |       0 |   0.0
        D:2 |      27 |      57 |  67.9 |      15 |       9 |  37.5
        D:3 |      60 |     167 |  73.6 |      13 |       9 |  40.9
        D:4 |     158 |      96 |  37.8 |      16 |       1 |   5.9
        D:5 |     434 |       0 |   0.0 |      15 |       0 |   0.0
        D:6 |    1034 |       0 |   0.0 |      18 |       0 |   0.0
        D:7 |     913 |       0 |   0.0 |      23 |       0 |   0.0
        D:8 |       6 |       0 |   0.0 |       2 |       0 |   0.0
      Sewer |       0 |     251 | 100.0 |       0 |      16 | 100.0
            +---------+---------+-------+---------+---------+-------

Skill      XL: |  1  2  3  4  5  6  7  8  9 |
---------------+----------------------------+-----
Stealth        | 2 3 5 |  5.0
Fighting       | 2 4 5 |  5.0
Shapeshifting  | 4 6 9 10 | 10.0
Throwing       | 1 |  1.1
Dodging        | |  2.0
Unarmed Combat | |  3.3

Action                     |  1- 3 |  4- 6 |  7- 9 || total
---------------------------+-------+-------+-------++-------
  Melee: Unarmed           |    80 |    68 |   181 ||   329
         Constrict         |    20 |    19 |    46 ||    85
         Tentacles         |    18 |    12 |    57 ||    87
         Punch             |     2 |     1 |    14 ||    17
         Short sword       |       |       |    25 ||    25
  Throw: Dart              |       |       |     1 ||     1
  Evoke: Wand              |       |    15 |       ||    15
    Use: Potion            |     1 |     3 |     6 ||    10
         Scroll            |       |     7 |     4 ||    11
   Stab: Sleeping          |    11 |    12 |     9 ||    32
         Distracted        |     1 |       |       ||     1
 Armour: Skin              |    29 |    35 |   102 ||   166
  Dodge: Dodged            |    36 |    39 |    95 ||   170
  Block: Other             |       |       |     4 ||     4
         Reflection        |       |       |     2 ||     2

Illustrated notes

Table legend:
 A = Kills in this place as a percentage of kills in the entire game.
 B = Kills by you in this place as a percentage of kills by you in the entire game.
 C = Kills by friends in this place as a percentage of kills by friends in the entire game.
 D = Other kills in this place as a percentage of other kills in the entire game.
 E = Experience gained in this place as a percentage of experience gained in the entire game.
 F = Experience gained in this place divided by the number of levels of this place that you have seen.
                   A       B       C       D       E      F
               +-------+-------+-------+-------+-------+----------------------
         Total | 100.0 | 100.0 |   N/A |   N/A | 100.0 | 323.0
       Dungeon |  89.5 |  89.5 |   N/A |   N/A |  92.2 | 372.4
         Sewer |  10.5 |  10.5 |   N/A |   N/A |   7.8 | 251.0
               +-------+-------+-------+-------+-------+----------------------

Table legend: (Time is in decaauts)
 A = Elapsed time spent in this place.
 B = Non-inter-level travel time spent in this place.
 C = Inter-level travel time spent in this place.
 D = Time resting spent in this place.
 E = Time spent auto-exploring this place.
 F = Levels seen in this place.
 G = Mean time per level.
                   A        B        C        D        E       F      G
               +--------+--------+--------+--------+--------+-----+--------+
         Total |   9229 |   8235 |    994 |   1654 |   4936 |  10 |  922.9 |
       Dungeon |   8847 |   7854 |    993 |   1571 |   4734 |   8 | 1105.9 |
        Temple |      1 |      0 |      1 |      0 |      0 |   1 |    1.0 |
         Sewer |    380 |    380 |      0 |     83 |    202 |   1 |  380.0 |
               +--------+--------+--------+--------+--------+-----+--------+

Top non-repeatable levels by time:
     D:2: 1653 daAuts
     D:6: 1506 daAuts
     D:7: 1395 daAuts
     D:5: 1233 daAuts
     D:4: 1169 daAuts
     D:3: 1040 daAuts
     D:1: 801 daAuts
   Sewer: 380 daAuts
     D:8: 47 daAuts
  Temple: 1 daAuts
